 Dungeon Crawl Stone Soup version 0.27-a0-1036-g8e1b44f6bd (webtiles) character file.

Game seed: 16509226930310607295

265 voltaire321 the Shield-Bearer (level 6, 0/43 HPs)
             Began as an Octopode Fighter on Apr 18, 2021.
             Slain by a jelly (3 damage)
             ... on level 4 of the Dungeon.
             The game lasted 00:11:31 (4325 turns).

voltaire321 the Shield-Bearer (Octopode Fighter)    Turns: 4325, Time: 00:11:32

Health: 0/43       AC: -3    Str: 16    XL:     6   Next: 20%
Magic:  6/6        EV: 11    Int: 12    God:
Gold:   96         SH: 14    Dex: 11    Spells: 5/5 levels left

rFire    . . .     SeeInvis +   a - +0 rapier
rCold    . . .     Faith    .   b - +0 kite shield
rNeg     + . .     Spirit   .   (helmet restricted)
rPois    .         Reflect  +   o - amulet of reflection
rElec    .         Harm     .   d - ring of positive energy
rCorr    .         Rampage  .   g - ring of see invisible
Will     .....                  (no ring)
Stlth    +++.......             (no ring)
HPRegen  0.14/turn              (no ring)
MPRegen  0.10/turn              (no ring)
                                (no ring)
                                (no ring)

@: corroded
A: almost no armour, amphibious, 8 rings, camouflage 1, gelatinous body 1,
(nimble swimmer 1), tentacles
a: no special abilities


You were on level 4 of the Dungeon.
You visited 1 branch of the dungeon, and saw 4 of its levels.

You collected 129 gold pieces.
You spent 33 gold pieces at shops.

Inventory:

Hand Weapons
 a - a +0 rapier (weapon)
Missiles
 e - 5 boomerangs (quivered)
Armour
 b - a +0 kite shield (worn)
Jewellery
 d - a ring of positive energy (left tentacle)
 g - a ring of see invisible (right tentacle)
 o - an amulet of reflection (around mantle)
Wands
 k - a wand of flame (7)
Scrolls
 h - a scroll of blinking {unknown}
 j - a scroll of amnesia {unknown}
 m - a scroll of identify {unknown}
 n - 2 scrolls of teleportation {unknown}
Potions
 c - a potion of might
 f - 2 potions of curing
 i - a potion of cancellation {unknown}
 l - a potion of attraction {unknown}


   Skills:
 + Level 3.9 Fighting
 + Level 3.1 Short Blades
 + Level 2.1 Throwing
 + Level 3.8 Dodging
 + Level 2.9 Stealth
 + Level 3.9 Shields


You had 5 spell levels left.
You didn't know any spells.
Your spell library contained the following spells:

 Spells                   Type           Power      Damage    Failure   Level
 Freeze                   Ice            0%         1d3       80%         1
 Blink                    Tloc           N/A        N/A       91%         2
 Frozen Ramparts          Ice            0%         1d2       99%         3
 Gell's Gravitas          Tloc           0%         N/A       99%         3
 Lesser Beckoning         Tloc           0%         N/A       99%         3
 Ozocubu's Armour         Ice            0%         N/A       99%         3
 Teleport Other           Tloc           0%         N/A       99%         3
 Hailstorm                Conj/Ice       0%         3d3       100%        4
 Manifold Assault         Tloc           0%         N/A       100%        5
 Metabolic Englaciation   Hex/Ice        0%         N/A       100%        5


Dungeon Overview and Level Annotations

Branches:
Dungeon (4/15)             Temple (0/1) D:4

Altars:
Elyvilon

Shops:
D:2 *

Annotations:
D:2 1 runed translucent door, Crazy Yiuf


Innate Abilities, Weirdness & Mutations

You cannot wear most types of armour.
You are amphibious.
You can wear up to eight rings at the same time.
Your skin changes colour to match your surroundings (Stealth+).
Your rubbery body absorbs attacks. (AC +1, EV +1)
((You are camouflaged near water. (Stealth+)))
You have tentacles for arms and can constrict up to eight enemies at once.


Message History

You climb downwards.
There is a stone staircase leading up here.
An ogre comes into view. It is wielding a +0 giant spiked club.
The ogre shouts!
There is an escape hatch in the ceiling here.
The ogre hits you with a +0 giant spiked club.
You hit the ogre.
The ogre is lightly wounded.
The ogre hits you with a +0 giant spiked club!!
Ouch! That really hurt!
* * * LOW HITPOINT WARNING * * *
You puncture the ogre!
The ogre is heavily wounded.
You block the ogre's attack.
You barely miss the ogre. You squeeze the ogre!
The ogre is severely wounded.
You block the ogre's attack.
You hit the ogre.
The ogre is severely wounded.
The ogre barely misses you.
You hit the ogre.
The ogre is almost dead.
The ogre completely misses you.
You hit the ogre.
You kill the ogre!
Your Short Blades skill increases to level 3!
Your Throwing skill increases to level 2!
You have reached level 6!
Your experience leads to an increase in your attributes!
Increase (S)trength, (I)ntelligence, or (D)exterity?
You feel clever.
You hit the jelly. The acid corrodes you!
Your tentacles burn!
* * * LOW HITPOINT WARNING * * *
The jelly is moderately wounded.
You block the jelly's attack.
You puncture the jelly!
Your tentacles burn!
* * * LOW HITPOINT WARNING * * *
The jelly is severely wounded.
The jelly hits you.
You die...

..............##.#
...######.###.##.#
..## #.#...<..#
.## #........# .#
###.#..#.# .#
#.#.#..# +#
#..###.# #.#.#.<#
#. #.#@# . . #.#J#
. . ..# . ...... .
.##..## . .# #..
#. ... .. ###. ..


You could see a jelly.

Vanquished Creatures
  An ogre (D:4)
  Terence (D:2)
  Robin (D:2)
  5 adders
  2 worms (D:2)
  5 orcs (D:3)
  A ball python (D:2)
  8 endoplasms
  2 giant cockroaches (D:1)
  11 goblins
  11 hobgoblins
  3 jackals (D:2)
  4 kobolds
  3 quokkas
  14 bats
  4 frilled lizards
  6 rats
82 creatures vanquished.

Notes
Turn   | Place    | Note
-------+----------+-------------------------------------------
     0 | D:1      | voltaire321 the Octopode Fighter began the quest for the
                  | Orb.
     0 | D:1      | Reached XP level 1. HP: 16/16 MP: 1/1
    13 | D:1      | Found a faded altar of an unknown god.
   268 | D:1      | Reached XP level 2. HP: 9/21 MP: 2/2
   794 | D:1      | Reached XP level 3. HP: 23/26 MP: 3/3
   930 | D:1      | Reached skill level 1 in Stealth
  1129 | D:2      | Reached skill level 1 in Throwing
  1540 | D:2      | Noticed Robin
  1543 | D:2      | Reached XP level 4. HP: 31/31 MP: 4/4
  1890 | D:2      | Killed Robin
  2420 | D:2      | Found Gudick's General Store.
  2427 | D:2      | Bought a potion of curing for 33 gold pieces
  2460 | D:2      | Found a runed translucent door.
  2461 | D:2      | Noticed Crazy Yiuf
  2583 | D:2      | Noticed Terence
  2587 | D:2      | Killed Terence
  2589 | D:2      | Reached XP level 5. HP: 36/36 MP: 5/5
  3041 | D:3      | HP: 1/36 [poisoned by an orc]
  3478 | D:3      | Found a white marble altar of Elyvilon.
  3857 | D:4      | Noticed an ogre
  3861 | D:4      | Noticed an ogre
  4162 | D:4      | Found a staircase to the Ecumenical Temple.
  4167 | D:4      | Noticed an ogre
  4313 | D:4      | Noticed an ogre
  4323 | D:4      | Killed an ogre
  4324 | D:4      | Reached XP level 6. HP: 11/43 MP: 6/6
  4325 | D:4      | Slain by a jelly

Illustrated notes

Levels and vault maps discovered:
D:1:      zelgadis_glass_arrival_small, layout_basic,
          ebering_ecumenical_altar_abandoned
D:2:      layout_loops_corners, serial_shops, shop, uniq_crazy_yiuf_cottage,
          uniq_robin, uniq_terence
D:3:      layout_basic, lemuel_tele_altar, hangedman_decor_clover_reticule,
          dk_noncrumbling_4, roderic_batcave
D:4:      layout_loops_corners, minmay_temple_entry_large_hall,
          minmay_misc_feat_columns, uniq_grinder

Skill      XL: |  1  2  3  4  5 |
---------------+----------------+-----
Stealth        | 1 2 |  2.9
Throwing       | 1 2 |  2.1
Short Blades   | 3 |  3.1
Fighting       | |  3.9
Dodging        | |  3.8
Shields        | |  3.9

Action                   |  1- 3 |  4- 6 || total
-------------------------+-------+-------++-------
Melee: Rapier            |    72 |    90 ||   162
       Constrict         |    21 |    20 ||    41
       Tentacles         |    11 |    12 ||    23
  Use: Potion            |       |     1 ||     1
 Stab: Sleeping          |     8 |     2 ||    10
Armor: Skin              |     2 |    10 ||    12
Dodge: Dodged            |    34 |    54 ||    88
Block: Kite shield       |    30 |    49 ||    79

Table legend: (Time is in decaauts)
 A = Elapsed time spent in this place.
 B = Non-inter-level travel time spent in this place.
 C = Inter-level travel time spent in this place.
 D = Time resting spent in this place.
 E = Time spent auto-exploring this place.
 F = Levels seen in this place.
 G = Mean time per level.
                   A        B        C        D        E       F      G
               +--------+--------+--------+--------+--------+-----+--------+
         Total |   4378 |   4136 |    242 |   1339 |   1978 |   4 | 1094.5 |
       Dungeon |   4378 |   4136 |    242 |   1339 |   1978 |   4 | 1094.5 |
               +--------+--------+--------+--------+--------+-----+--------+

Top non-repeatable levels by time:
     D:1: 1597 daAuts
     D:3: 1416 daAuts
     D:2: 1140 daAuts
     D:4: 223 daAuts
